General information
			
			
        
        - name: BNet
 
        - type: Ladder team game (AT/RT)
 
        - host: Battle.net
 
        - saver: HERNaNDO
 
        
map: Highperch 
        - players: 6
 
        - length: 34:13
 
        - speed: Fast
 - version: 1.22 W3XP
 - replay type:  Public
 
» download(195 KB)
Players
        team 1 (loser) 
              
              
FoA_Bean (
pink | 50 APM | 1602 actions | 31:51)
              
 4 Death Knight 
 2 Death Coil
 2 Unholy Aura
 
                » actions 
                
                | Assign group hotkey | 193 |  | 
| Basic commands | 52 |  | 
| Build / train | 65 |  | 
| ESC pressed | 1 |  | 
| Enter build submenu | 22 |  | 
| Enter hero's abilities submenu | 4 |  | 
| Remove unit from queue | 5 |  | 
| Right click | 732 |  | 
| Select / deselect | 257 |  | 
| Select group hotkey | 225 |  | 
| Use ability | 45 |  | 
                1602 total
 » units 
                
                | Acolyte | 8 |  | 
| Ghoul | 4 |  | 
| Crypt Fiend | 26 |  | 
                38 total
 » upgrades
                
                | Creature Attack | 3 |  | 
| Creature Carapace | 3 |  | 
| Cannibalize | 0 |  | 
| Web | 1 |  | 
| Burrow | 1 |  | 
| Ghoul Frenzy | 1 |  | 
                9 total
 » buildings
                
                | Altar of Darkness | 1 |  | 
| Crypt | 2 |  | 
| Ziggurat | 9 |  | 
| Graveyard | 1 |  | 
| Halls of the Dead | 1 |  | 
| Tomb of Relics | 1 |  | 
| Black Citadel | 1 |  | 
| Spirit Tower | 4 |  | 
                20 total
 » build order
                00:05 Altar of Darkness
00:07 Crypt
00:14 Ziggurat
00:59 Graveyard
02:01 Ziggurat
03:25 Ziggurat
05:02 Ziggurat
05:38 Halls of the Dead
06:26 Ziggurat
07:31 Crypt
07:49 Ziggurat
12:36 Tomb of Relics
12:59 Black Citadel
15:05 Ziggurat
16:52 Spirit Tower
17:43 Ziggurat
18:45 Spirit Tower
19:18 Spirit Tower
21:15 Spirit Tower
21:24 Ziggurat
 
               
              
              
FoA_Stealth (
orange | 41 APM | 1285 actions | 31:20)
              
 2 Priestess of the Moon 
 2 Trueshot Aura
 
                » actions 
                
                | Assign group hotkey | 20 |  | 
| Basic commands | 16 |  | 
| Build / train | 89 |  | 
| Enter build submenu | 25 |  | 
| Enter hero's abilities submenu | 2 |  | 
| Right click | 501 |  | 
| Select / deselect | 401 |  | 
| Select group hotkey | 181 |  | 
| Use ability | 50 |  | 
                1285 total
 » units 
                
                | Wisp | 27 |  | 
| Huntress | 15 |  | 
| Archer | 14 |  | 
| Hippogryph | 19 |  | 
                75 total
 » upgrades
                
                | Strength of the Moon | 3 |  | 
| Improved Bows | 1 |  | 
| Hippogryph Taming | 1 |  | 
| Moon Armor | 1 |  | 
| Upgrade Moon Glaive | 1 |  | 
                7 total
 » buildings
                
                | Hunter's Hall | 1 |  | 
| Moon Well | 7 |  | 
| Altar of Elders | 1 |  | 
| Ancient of War | 2 |  | 
| Tree of Ages | 2 |  | 
| Tree of Life | 1 |  | 
| Ancient of Wind | 3 |  | 
| Ancient Protector | 2 |  | 
| Tree of Eternity | 1 |  | 
                20 total
 » build order
                00:05 Hunter's Hall
00:38 Moon Well
01:16 Altar of Elders
01:50 Ancient of War
02:22 Moon Well
03:13 Tree of Ages
03:14 Tree of Ages
03:43 Ancient of War
04:56 Moon Well
06:08 Moon Well
07:03 Moon Well
08:00 Moon Well
09:21 Moon Well
09:50 Tree of Life
11:54 Ancient of Wind
12:57 Ancient of Wind
13:06 Ancient of Wind
16:51 Ancient Protector
16:55 Ancient Protector
19:01 Tree of Eternity
 
               
              
              
» 
IJumpUJump (
red | 51 APM | 1737 actions | 34:11)
              
 6 Paladin 
 3 Holy Light
 2 Divine Shield
 1 Resurrection
 
                » actions 
                
                | Basic commands | 44 |  | 
| Build / train | 83 |  | 
| Enter build submenu | 27 |  | 
| Enter hero's abilities submenu | 6 |  | 
| Give item / drop item | 2 |  | 
| Remove unit from queue | 1 |  | 
| Right click | 1006 |  | 
| Select / deselect | 509 |  | 
| Use ability | 59 |  | 
                1737 total
 » units 
                
                | Peasant | 13 |  | 
| Rifleman | 16 |  | 
| Priest | 7 |  | 
| Mortar Team | 5 |  | 
| Siege Engine | 6 |  | 
| Dragonhawk Rider | 5 |  | 
| Gryphon Rider | 8 |  | 
                60 total
 » upgrades
                
                | Gunpowder | 3 |  | 
| Armor | 3 |  | 
| Swords | 2 |  | 
| Storm Hammers | 1 |  | 
                9 total
 » buildings
                
                | Altar of Kings | 1 |  | 
| Farm | 10 |  | 
| Blacksmith | 1 |  | 
| Barracks | 1 |  | 
| Keep | 1 |  | 
| Arcane Sanctum | 1 |  | 
| Workshop | 2 |  | 
| Lumber Mill | 1 |  | 
| Castle | 1 |  | 
| Scout Tower | 4 |  | 
| Guard Tower | 4 |  | 
| Town Hall | 1 |  | 
| Gryphon Aviary | 2 |  | 
| Arcane Vault | 1 |  | 
                31 total
 » build order
                00:25 Altar of Kings
00:41 Farm
01:25 Blacksmith
01:44 Barracks
02:04 Farm
02:38 Keep
03:01 Farm
04:57 Farm
05:28 Arcane Sanctum
06:57 Farm
07:40 Farm
08:57 Workshop
10:23 Farm
10:26 Farm
14:15 Lumber Mill
14:43 Farm
16:15 Castle
16:50 Scout Tower
16:54 Scout Tower
17:22 Guard Tower
17:23 Guard Tower
17:27 Scout Tower
17:57 Guard Tower
18:02 Scout Tower
18:19 Farm
18:31 Workshop
18:45 Guard Tower
23:38 Town Hall
24:00 Gryphon Aviary
27:20 Arcane Vault
28:35 Gryphon Aviary
 
               team 2 (winner) 
              
              
» 
Arwcwb (
teal | 66 APM | 2274 actions | 34:12)
              
 5 Death Knight 
 3 Death Coil
 2 Unholy Aura
 4 Lich 
 2 Frost Nova
 2 Dark Ritual
 
                » actions 
                
                | Assign group hotkey | 27 |  | 
| Basic commands | 233 |  | 
| Build / train | 60 |  | 
| ESC pressed | 4 |  | 
| Enter build submenu | 19 |  | 
| Enter hero's abilities submenu | 10 |  | 
| Give item / drop item | 1 |  | 
| Remove unit from queue | 1 |  | 
| Right click | 735 |  | 
| Select / deselect | 333 |  | 
| Select group hotkey | 772 |  | 
| Use ability | 79 |  | 
                2274 total
 » units 
                » upgrades
                
                | Creature Attack | 3 |  | 
| Creature Carapace | 3 |  | 
| Stone Form | 1 |  | 
                7 total
 » buildings
                
                | Altar of Darkness | 1 |  | 
| Ziggurat | 15 |  | 
| Crypt | 2 |  | 
| Graveyard | 1 |  | 
| Tomb of Relics | 1 |  | 
| Halls of the Dead | 1 |  | 
| Black Citadel | 1 |  | 
| Necropolis | 1 |  | 
| Spirit Tower | 4 |  | 
| Sacrificial Pit | 1 |  | 
                28 total
 » build order
                00:15 Altar of Darkness
00:16 Ziggurat
01:12 Crypt
02:17 Crypt
02:39 Graveyard
03:11 Ziggurat
03:25 Ziggurat
04:23 Tomb of Relics
05:01 Halls of the Dead
05:26 Ziggurat
12:09 Black Citadel
12:27 Necropolis
17:15 Ziggurat
17:15 Ziggurat
17:15 Ziggurat
17:16 Ziggurat
17:18 Ziggurat
22:01 Spirit Tower
22:01 Spirit Tower
22:02 Spirit Tower
22:12 Spirit Tower
23:21 Sacrificial Pit
23:22 Ziggurat
23:23 Ziggurat
23:23 Ziggurat
23:25 Ziggurat
23:29 Ziggurat
» items
                
                | Staff of Teleportation | 2 |  | 
| Orb of Corruption | 1 |  | 
| Potion of Healing | 2 |  | 
                5 total
  
               
              
              
» 
DirtMcGirt (
yellow | 83 APM | 2848 actions | 34:12)
              
 6 Death Knight 
 3 Death Coil
 3 Unholy Aura
 6 Dreadlord 
 3 Carrion Swarm
 1 Vampiric Aura
 2 Sleep
 
                » actions 
                
                | Assign group hotkey | 9 |  | 
| Build / train | 82 |  | 
| Enter build submenu | 13 |  | 
| Enter hero's abilities submenu | 13 |  | 
| Give item / drop item | 4 |  | 
| Remove unit from queue | 9 |  | 
| Right click | 1267 |  | 
| Select / deselect | 1176 |  | 
| Select group hotkey | 186 |  | 
| Use ability | 89 |  | 
                2848 total
 » units 
                » upgrades
                
                | Creature Attack | 3 |  | 
| Web | 0 |  | 
| Stone Form | 1 |  | 
| Creature Carapace | 4 |  | 
                8 total
 » buildings
                
                | Altar of Darkness | 1 |  | 
| Crypt | 2 |  | 
| Ziggurat | 9 |  | 
| Graveyard | 1 |  | 
| Tomb of Relics | 1 |  | 
| Halls of the Dead | 1 |  | 
| Black Citadel | 1 |  | 
| Sacrificial Pit | 1 |  | 
                17 total
 » build order
                00:12 Altar of Darkness
00:16 Crypt
00:25 Crypt
00:36 Ziggurat
01:31 Ziggurat
01:38 Graveyard
02:02 Tomb of Relics
03:26 Halls of the Dead
04:38 Ziggurat
06:54 Black Citadel
09:38 Ziggurat
19:46 Sacrificial Pit
20:46 Ziggurat
20:46 Ziggurat
20:47 Ziggurat
20:50 Ziggurat
20:54 Ziggurat
» items
                
                | Rod of Necromancy | 2 |  | 
| Staff of Teleportation | 2 |  | 
| Boots of Speed | 2 |  | 
| Tome of Retraining | 1 |  | 
| Orb of Corruption | 2 |  | 
| Potion of Mana | 1 |  | 
| Staff of Sanctuary | 1 |  | 
                11 total
  
               
              
              
HERNaNDO (
blue | 39 APM | 1352 actions | 34:13)
              
 3 Archmage 
 2 Blizzard
 1 Brilliance Aura
 2 Blood Mage 
 1 Flame Strike
 1 Siphon Mana
 
                » actions 
                
                | Assign group hotkey | 6 |  | 
| Basic commands | 1 |  | 
| Build / train | 137 |  | 
| ESC pressed | 1 |  | 
| Enter build submenu | 73 |  | 
| Enter hero's abilities submenu | 5 |  | 
| Give item / drop item | 8 |  | 
| Remove unit from queue | 6 |  | 
| Right click | 443 |  | 
| Select / deselect | 441 |  | 
| Select group hotkey | 40 |  | 
| Use ability | 191 |  | 
                1352 total
 » units 
                
                | Peasant | 20 |  | 
| Sorceress | 1 |  | 
| Priest | 1 |  | 
| Dragonhawk Rider | 3 |  | 
                25 total
 » upgrades
                
                | Masonry | 3 |  | 
| Magic Sentry | 1 |  | 
| Sorceress Training | 2 |  | 
| Lumber Harvesting | 2 |  | 
| Priest Training | 2 |  | 
| Swords | 3 |  | 
| Armor | 3 |  | 
| Cloud | 1 |  | 
| Animal War Training | 1 |  | 
                18 total
 » buildings
                
                | Altar of Kings | 1 |  | 
| Farm | 7 |  | 
| Lumber Mill | 1 |  | 
| Scout Tower | 116 |  | 
| Guard Tower | 46 |  | 
| Keep | 1 |  | 
| Arcane Tower | 5 |  | 
| Arcane Sanctum | 1 |  | 
| Town Hall | 1 |  | 
| Castle | 1 |  | 
| Blacksmith | 1 |  | 
| Arcane Vault | 3 |  | 
| Gryphon Aviary | 2 |  | 
| Barracks | 1 |  | 
                187 total
 » build order
                00:13 Altar of Kings
00:20 Farm
00:21 Farm
00:35 Lumber Mill
01:40 Scout Tower
01:47 Scout Tower
02:08 Scout Tower
02:12 Guard Tower
02:14 Scout Tower
02:20 Scout Tower
02:22 Scout Tower
02:24 Guard Tower
02:32 Scout Tower
02:50 Guard Tower
02:51 Guard Tower
02:58 Guard Tower
03:19 Guard Tower
03:31 Guard Tower
03:35 Scout Tower
03:37 Scout Tower
03:43 Scout Tower
03:59 Scout Tower
03:59 Scout Tower
04:00 Scout Tower
04:01 Scout Tower
04:05 Scout Tower
04:08 Scout Tower
04:12 Scout Tower
04:12 Guard Tower
04:19 Scout Tower
04:21 Scout Tower
04:26 Keep
04:30 Guard Tower
04:37 Scout Tower
04:38 Scout Tower
04:46 Scout Tower
04:46 Guard Tower
04:48 Guard Tower
04:50 Guard Tower
04:53 Scout Tower
04:55 Scout Tower
05:01 Guard Tower
05:02 Scout Tower
05:03 Scout Tower
05:07 Scout Tower
05:08 Scout Tower
05:16 Guard Tower
05:33 Guard Tower
05:42 Farm
05:43 Farm
06:16 Guard Tower
06:18 Scout Tower
06:22 Scout Tower
06:24 Scout Tower
06:25 Scout Tower
06:26 Scout Tower
06:26 Scout Tower
06:29 Scout Tower
06:30 Scout Tower
06:31 Scout Tower
06:32 Scout Tower
06:36 Arcane Tower
06:51 Arcane Tower
06:52 Arcane Tower
06:55 Scout Tower
06:56 Scout Tower
07:03 Arcane Sanctum
07:18 Guard Tower
07:36 Town Hall
07:56 Guard Tower
08:04 Guard Tower
08:16 Guard Tower
08:27 Guard Tower
08:45 Guard Tower
08:47 Scout Tower
08:49 Scout Tower
08:50 Scout Tower
08:51 Scout Tower
08:52 Scout Tower
09:07 Scout Tower
09:08 Scout Tower
09:14 Scout Tower
09:15 Scout Tower
09:16 Scout Tower
09:50 Guard Tower
10:22 Guard Tower
10:24 Scout Tower
10:25 Scout Tower
10:25 Scout Tower
10:51 Guard Tower
10:59 Guard Tower
11:44 Guard Tower
11:45 Scout Tower
11:46 Scout Tower
11:53 Guard Tower
12:16 Guard Tower
12:39 Castle
13:20 Farm
13:22 Farm
13:23 Farm
13:28 Blacksmith
13:35 Arcane Vault
13:42 Gryphon Aviary
13:46 Gryphon Aviary
13:52 Barracks
16:12 Scout Tower
16:13 Scout Tower
16:14 Scout Tower
16:15 Scout Tower
16:15 Scout Tower
16:16 Scout Tower
16:18 Scout Tower
16:19 Scout Tower
16:20 Scout Tower
16:20 Scout Tower
16:26 Scout Tower
16:27 Scout Tower
16:28 Scout Tower
16:30 Scout Tower
16:30 Scout Tower
16:31 Scout Tower
16:32 Scout Tower
17:03 Guard Tower
17:15 Guard Tower
20:06 Guard Tower
20:26 Scout Tower
20:28 Scout Tower
20:29 Scout Tower
20:30 Scout Tower
20:31 Scout Tower
20:33 Scout Tower
20:35 Scout Tower
20:37 Scout Tower
20:38 Scout Tower
20:38 Scout Tower
20:39 Scout Tower
20:40 Scout Tower
20:48 Guard Tower
21:03 Arcane Vault
21:04 Arcane Vault
21:21 Guard Tower
21:26 Guard Tower
22:13 Guard Tower
22:16 Scout Tower
22:17 Scout Tower
22:19 Guard Tower
23:16 Guard Tower
23:23 Scout Tower
23:24 Scout Tower
23:26 Scout Tower
23:26 Scout Tower
23:30 Scout Tower
23:31 Scout Tower
23:32 Scout Tower
23:32 Scout Tower
24:06 Guard Tower
24:13 Guard Tower
24:16 Scout Tower
24:17 Scout Tower
24:18 Scout Tower
24:20 Scout Tower
24:21 Scout Tower
24:23 Scout Tower
24:23 Scout Tower
24:24 Scout Tower
24:26 Scout Tower
24:28 Scout Tower
24:29 Scout Tower
24:36 Arcane Tower
24:36 Arcane Tower
24:37 Guard Tower
27:00 Scout Tower
27:05 Scout Tower
27:06 Scout Tower
27:07 Scout Tower
27:08 Scout Tower
27:10 Scout Tower
27:11 Scout Tower
27:12 Scout Tower
27:12 Scout Tower
27:14 Scout Tower
27:15 Scout Tower
29:07 Guard Tower
29:18 Guard Tower
29:19 Guard Tower
32:16 Guard Tower
33:25 Guard Tower
» items
                
                | Staff of Sanctuary | 1 |  | 
| Staff of Teleportation | 2 |  | 
| Boots of Speed | 1 |  | 
| Ivory Tower | 24 |  | 
                28 total
  
                Chat log
          (00:06 / Allies) Arwcwb: k
(00:07 / All) Arwcwb: UD
(00:09 / Allies) HERNaNDO: u play this before>?
(00:09 / All) Arwcwb: Tell me what to do...
(00:13 / All) IJumpUJump: idk
(00:14 / Allies) HERNaNDO: no
(00:17 / All) IJumpUJump: nmever played them
(00:20 / Allies) Arwcwb: lol
(00:22 / All) HERNaNDO: hahaha
(00:24 / Allies) HERNaNDO: k
(00:28 / Allies) DirtMcGirt: ffeed hernando
(00:39 / Allies) Arwcwb: K
(00:47 / Allies) Arwcwb: DK?
(00:53 / Allies) DirtMcGirt: make ton of ghoulies
(00:54 / Allies) DirtMcGirt: yea
(00:59 / Allies) Arwcwb: kk
(01:04 / Allies) HERNaNDO: k
(01:14 / Allies) DirtMcGirt: hes gotta tower both sides
(01:25 / Allies) Arwcwb: Lumber eh?
(01:47 / Allies) DirtMcGirt: we gotta harrass hard
(01:52 / Allies) Arwcwb: Fer sure
(01:54 / Allies) DirtMcGirt: this gonan be crazy
(01:57 / Allies) Arwcwb: Ahahaha
(01:58 / Allies) Arwcwb: :D
(02:08 / Allies) Arwcwb: lmfao...
(02:18 / Allies) HERNaNDO: wood pls
(02:25 / Allies) HERNaNDO: ty
(02:30 / Allies) Arwcwb: Ghouling
(02:30 / Allies) DirtMcGirt: wood the fuck out this fucke
(02:41 / Allies) Arwcwb: lmfao
(02:47 / Allies) Arwcwb: Where?
(03:16 / Allies) DirtMcGirt: nice they are creepin
(03:19 / Allies) Arwcwb: :D
(04:01 / Allies) Arwcwb: Fck
(04:04 / Allies) Arwcwb: :)
(04:05 / Allies) DirtMcGirt: its cool
(04:09 / Allies) DirtMcGirt: just tryin to buy time for nando
(04:14 / Allies) HERNaNDO: thnx
(04:15 / Allies) Arwcwb: Yeh
(04:24 / Allies) DirtMcGirt: and get mass gargs
(04:28 / Allies) DirtMcGirt: but dont go over 50 food
(04:29 / Allies) Arwcwb: k
(04:32 / Allies) DirtMcGirt: so we dont go into upkeep
(04:41 / Allies) HERNaNDO: bit of gold pls
(04:48 / Allies) HERNaNDO: ty
(04:58 / All) HERNaNDO: gl hf
(05:03 / Allies) Arwcwb: :D
(05:05 / All) IJumpUJump: bye
(05:09 / All) HERNaNDO: ?
(05:12 / All) DirtMcGirt: ?
(05:14 / All) HERNaNDO: where u goin mate
(05:14 / All) IJumpUJump: just leave plz
(05:15 / All) Arwcwb: WETF
(05:16 / All) DirtMcGirt: y u leaving?
(05:45 / Allies) DirtMcGirt: lets creep mine
(05:48 / Allies) Arwcwb: k
(05:53 / Allies) DirtMcGirt: watwas dat?
(05:57 / All) HERNaNDO: whats FoA stand for
(06:01 / All) HERNaNDO: fart on ass?
(06:02 / All) HERNaNDO: lol
(06:04 / Allies) Arwcwb: lmao
(06:05 / Allies) Arwcwb: tt
(06:13 / All) FoA_Bean: way to make sense
(06:46 / All) HERNaNDO: u got as much skill as a fart on a butt
(06:54 / All) Arwcwb: Fart on the cock
(07:12 / Allies) DirtMcGirt: nando u take one mine
(07:13 / Allies) HERNaNDO: thnx
(07:15 / Allies) HERNaNDO: k
(07:16 / Allies) DirtMcGirt: arc u can take another
(07:21 / Allies) Arwcwb: kayp
(07:21 / Allies) DirtMcGirt: if u want
(07:26 / Allies) Arwcwb: Garging
(07:35 / Allies) Arwcwb: YOu'd better tflgjda
(07:37 / Allies) Arwcwb: omg
(07:38 / Allies) Arwcwb: Keyboard
(07:41 / Allies) HERNaNDO: hahaha
(07:42 / Allies) DirtMcGirt: lol what
(07:50 / Allies) HERNaNDO: YOU BETTER TFLGJDA!!! OR ELSE
(07:51 / Allies) Arwcwb: Randomly
(07:53 / Allies) Arwcwb: Ahahaha
(08:13 / Allies) HERNaNDO: nando craves resources
(08:21 / All) Arwcwb: Fergot :P
(08:22 / Allies) HERNaNDO: ty
(08:33 / Allies) HERNaNDO: hehe
(08:35 / Allies) Arwcwb: lmfao
(08:38 / All) HERNaNDO: smell u later
(08:42 / All) Arwcwb: :D
(09:37 / Allies) Arwcwb: lol
(10:11 / Allies) Arwcwb: Attack or creep?
(10:15 / Allies) Arwcwb: Coming
(10:18 / Allies) DirtMcGirt: i was gonna creep that
(10:19 / Allies) DirtMcGirt: but nah
(10:25 / Allies) DirtMcGirt: we need staffs
(10:31 / Allies) HERNaNDO: i got a sorc
(10:33 / Allies) HERNaNDO: we can invis over
(10:42 / Allies) DirtMcGirt: lol
(10:43 / Allies) HERNaNDO: hahaha
(10:47 / Allies) HERNaNDO: omg
(11:07 / All) HERNaNDO: ballador aint so bright
(12:05 / Allies) Arwcwb: :(
(12:11 / All) HERNaNDO: catch you later alligator
(12:13 / Allies) DirtMcGirt: lol
(12:14 / Allies) DirtMcGirt: that was funny
(12:18 / Allies) HERNaNDO: that was so awesome
(12:21 / Allies) Arwcwb: That was
(12:28 / All) HERNaNDO: chuggin thru
(12:35 / Allies) Arwcwb: Ahaha
(12:37 / Allies) Arwcwb: Getting staff
(12:42 / Allies) DirtMcGirt: k
(14:15 / Allies) DirtMcGirt: lets creep that
(14:19 / Allies) DirtMcGirt: wait for me
(14:25 / Allies) Arwcwb: Creep wha?
(14:27 / Allies) HERNaNDO: that
(14:33 / Allies) Arwcwb: k
(15:30 / Allies) HERNaNDO: nice!
(15:36 / Allies) Arwcwb: :D
(16:21 / Allies) DirtMcGirt: gj
(16:30 / Allies) DirtMcGirt: care
(16:32 / Allies) DirtMcGirt: whoa
(16:35 / Allies) Arwcwb: lmao
(16:35 / Allies) Arwcwb: wtf
(17:05 / Allies) Arwcwb: What now?
(17:30 / Allies) DirtMcGirt: get guys on gold asap
(17:34 / Allies) DirtMcGirt: we need to train mines steven
(17:38 / Allies) Arwcwb: Alright
(17:39 / Allies) DirtMcGirt: drain
(18:00 / Allies) Arwcwb: Fck
(18:04 / Allies) DirtMcGirt: wut
(18:12 / Allies) Arwcwb: Couldn't kill mine
(18:16 / Allies) DirtMcGirt: dont go into upkeep
(18:16 / Allies) DirtMcGirt: ok
(18:19 / Allies) Arwcwb: I won't
(18:23 / Allies) Arwcwb: Didn't notice stone garg :D
(18:23 / Allies) HERNaNDO: for the light!
(18:34 / Allies) Arwcwb: LMMFAO!
(18:35 / Allies) Arwcwb: Nice
(18:42 / Allies) DirtMcGirt: o shit
(18:45 / Allies) DirtMcGirt: no tiny townhall
(18:47 / Allies) Arwcwb: Fck
(18:47 / Allies) HERNaNDO: yea
(18:57 / Allies) DirtMcGirt: ok
(18:59 / Allies) DirtMcGirt: well
(19:12 / Allies) Arwcwb: ?
(19:15 / Allies) DirtMcGirt: uh
(19:18 / Allies) DirtMcGirt: let me think here
(19:21 / Allies) Arwcwb: Aha
(19:24 / All) Arwcwb: I forgot that part...
(19:24 / Allies) DirtMcGirt: we need mass teleport then
(19:28 / Allies) HERNaNDO: what about um
(19:31 / Allies) HERNaNDO: ivory towers
(19:32 / Allies) Arwcwb: Damnit
(19:34 / Allies) Arwcwb: Stone garg?
(19:38 / Allies) DirtMcGirt: well u could do that
(19:44 / Allies) HERNaNDO: i can make a ton of things and staff up
(19:53 / Allies) HERNaNDO: crap i shoulda towered expo
(20:00 / Allies) DirtMcGirt: comin
(20:03 / Allies) Arwcwb: Same
(20:31 / Allies) DirtMcGirt: nack off
(20:33 / Allies) DirtMcGirt: back off
(20:34 / Allies) DirtMcGirt: ok
(20:36 / Allies) Arwcwb: K
(21:00 / Allies) HERNaNDO: so yea ill just make a bunch of shops
(21:04 / Allies) Arwcwb: AHa
(22:03 / Allies) DirtMcGirt: stoneform
(22:06 / Allies) DirtMcGirt: we can tp there
(22:09 / Allies) Arwcwb: k
(22:19 / Allies) DirtMcGirt: hernando staff to me
(22:23 / Allies) HERNaNDO: where
(22:49 / Allies) HERNaNDO: mamma mia!
(23:11 / All) HERNaNDO: better luck next time..
(23:58 / Allies) HERNaNDO: you can cancel those zigs steven
(24:00 / Allies) HERNaNDO: i acn tower for u
(24:06 / Allies) Arwcwb: Thx
(24:08 / Allies) HERNaNDO: np
(24:37 / Allies) DirtMcGirt: that was sick
(24:51 / Allies) DirtMcGirt: ty
(24:59 / Allies) Arwcwb: np
(25:22 / Allies) HERNaNDO: can i tower the right perch
(25:27 / Allies) DirtMcGirt: yea
(25:28 / Allies) DirtMcGirt: sure
(25:35 / Allies) HERNaNDO: im borrwoin a garg
(25:36 / Allies) HERNaNDO: steven
(25:51 / Allies) DirtMcGirt: fuck
(25:52 / Allies) Arwcwb: Fuck
(25:54 / Allies) DirtMcGirt: no mana
(25:59 / Allies) Arwcwb: Ya
(26:08 / Allies) DirtMcGirt: oooooo lol
(26:10 / Allies) DirtMcGirt: that was my dk
(26:11 / Allies) DirtMcGirt: hahah
(26:15 / Allies) Arwcwb: Ahahaha
(26:16 / Allies) Arwcwb: omg
(26:31 / Allies) HERNaNDO: i got it actually
(26:37 / All) Arwcwb: :D
(27:04 / Allies) Arwcwb: lmao
(27:54 / Allies) HERNaNDO: i need this pls
(28:01 / Allies) Arwcwb: Hm?
(28:06 / Allies) DirtMcGirt: lets back off a bit
(28:07 / Allies) HERNaNDO: i gotta borrow that garg 
(28:11 / Allies) Arwcwb: Sure
(28:15 / Allies) DirtMcGirt: they gonna quit otherwise
(28:20 / Allies) Arwcwb: Ahaha
(28:29 / Allies) DirtMcGirt: ikm havin too mcuh fun
(28:32 / Allies) HERNaNDO: hehehe
(28:35 / Allies) Arwcwb: Ahahaha
(28:40 / Allies) Arwcwb: This shit is awesome dude
(28:42 / All) DirtMcGirt: check out this garg
(28:45 / Allies) Arwcwb: ^^
(28:47 / Allies) HERNaNDO: spy
(28:50 / All) Arwcwb: SPY
(29:21 / Allies) Arwcwb: lol
(29:23 / All) Arwcwb: Got da tree
(29:28 / All) FoA_Stealth: really?
(29:29 / Allies) DirtMcGirt: i got out of vent
(29:30 / All) IJumpUJump: dude stfu u guys suck lol
(29:33 / Allies) DirtMcGirt: johns such a faggot
(29:35 / Allies) HERNaNDO: into another chanel?
(29:37 / All) IJumpUJump: all u did was mass arrow towers mid
(29:42 / Allies) DirtMcGirt: nah i quit it
(29:43 / All) HERNaNDO: u cant beat towers?
(29:45 / Allies) DirtMcGirt: we werent talkin
(29:48 / All) HERNaNDO: its just buildings lol
(29:50 / All) DirtMcGirt: Lol u cant beat it?
(29:52 / All) Arwcwb: Noobs cant beat tower
(29:59 / All) IJumpUJump: haha ya ok
(29:59 / Allies) HERNaNDO: ill talk if its in another channel lol
(30:00 / All) IJumpUJump: lol
(30:07 / Allies) DirtMcGirt: o ok
(30:09 / Allies) DirtMcGirt: ill get back on
(30:32 / Allies) HERNaNDO: sry
(30:34 / Allies) HERNaNDO: i shoulda said somethin
(30:42 / Allies) Arwcwb: LMAO
(30:46 / Allies) DirtMcGirt: im in the one righte below
(30:48 / Allies) HERNaNDO: kk
(30:57 / Allies) DirtMcGirt: arc lets back off a bit
(31:00 / Allies) DirtMcGirt: they gonna quit
(31:07 / Allies) HERNaNDO: hey steven u got vent?
(31:12 / Allies) Arwcwb: I think so
(31:14 / Allies) Arwcwb: No mic though
(31:16 / Allies) HERNaNDO: o
(31:20 / All) IJumpUJump: run bitch
(31:23 / Allies) Arwcwb: I can listen to you :P
(31:27 / All) DirtMcGirt: GG
(31:30 / Allies) Arwcwb: GG
(31:31 / All) DirtMcGirt: ur teamate left
(31:32 / All) Arwcwb: GG
(31:35 / All) DirtMcGirt: Take a que
(31:39 / All) HERNaNDO: lol run indeed
(31:41 / Allies) Arwcwb: lol
(31:41 / All) IJumpUJump: ty
(31:42 / All) IJumpUJump: noob
(31:55 / All) HERNaNDO: u couldnt beat a bunch of buildings
(31:59 / All) DirtMcGirt: ur team is givin up
(32:01 / All) HERNaNDO: wats wrong 
(32:04 / All) IJumpUJump: so
(32:05 / All) IJumpUJump: leave plz
(32:08 / All) DirtMcGirt: nope
(32:09 / All) DirtMcGirt: u leave
(32:13 / Allies) Arwcwb: Why would the winners leave?
(32:13 / All) IJumpUJump: nope u leave
(32:19 / All) DirtMcGirt: if u leave then ill leave
(32:19 / Allies) Arwcwb: lol
(32:20 / Allies) Arwcwb: Hunts
(32:23 / All) IJumpUJump: nope
(32:43 / All) IJumpUJump: nice mh
(32:49 / All) DirtMcGirt: its called a shade
(33:29 / Allies) Arwcwb: Ahaha
(33:56 / Allies) Arwcwb: :D
(34:02 / Allies) DirtMcGirt: aight
(34:03 / Allies) HERNaNDO: dirt u here?
(34:03 / Allies) HERNaNDO: o
(34:04 / Allies) DirtMcGirt: lets back off
(34:06 / Allies) DirtMcGirt: see what he does